 Dungeon Sprint DCSS version 0.28-a0-1387-g3a22ab9bdc (webtiles) character file.

Game seed: 11536104980891062485

2904 jt the Severer (level 9, -7/141 HPs)
             Began as a Palentonga Fighter on Jan 2, 2022.
             Was an Initiate of Gozag.
             Mangled by a cyclops (23 damage)
             ... in the Dungeon (Sprint VII: "The Pits").
             The game lasted 00:04:59 (1097 turns).

jt the Severer (Palentonga Fighter)                 Turns: 1097, Time: 00:05:00

Health: -7/141     AC: 18    Str: 25    XL:     9   Next: 49%
Magic:  9/9        EV: 12    Int:  9    God:    Gozag
Gold:   909        SH:  4    Dex: 11    Spells: 8/8 levels left

rFire   . . .      SeeInvis +   w - +14 obsidian axe {vorpal, Mesm Drain Fly SInv}
rCold   . . .      Faith    .   c - +0 buckler
rNeg    . . .      Spirit   .   A - +5 ring mail
rPois   .          Reflect  .   (no helmet)
rElec   .          Harm     .   (no cloak)
rCorr   .          Rampage  .   (no gloves)
Will    .....      NoTele   +   (no barding)
Stlth   ..........              (no amulet)
HPRegen 0.33/turn               s - +3 ring of evasion
MPRegen 0.11/turn               t - +3 ring of strength

@: berserking (expiring), gold aura, flying, mesmerised, hasted and slowed,
curled up
A: large, rugged brown scales 3, see invisible, deformed body, roll 1, armoured
tail, reflexive curl
a: Rolling Charge, Renounce Religion, Potion Petition, Call Merchant, Bribe
Branch


You were in the Dungeon.
You worshipped Gozag.
Gozag was pleased with you.
You visited 1 branch You collected 2025 gold pieces.
You paid 1116 gold pieces to Gozag.

Inventory:

Hand Weapons
 a - a +0 war axe
 d - a +2 trident of venom
 k - a +2 hand axe
 q - a +2 hand axe of freezing
 w - the +14 obsidian axe (weapon) {vorpal, Mesm Drain Fly SInv}
   (You found it in the Dungeon)

   It inflicts extra damage upon your enemies.
   It occasionally summons demons to assist the wielder when it strikes in
   combat.
   Its wielder is mesmerised by any visible foes.
   It cannot be unequipped while any foes are visible.
   SInv:      It lets you see invisible.
   Fly:       It grants you flight.
   Drain:     It drains your maximum health when unequipped.
Missiles
 m - 10 stones
Armour
 b - a +0 scale mail
 c - a +0 buckler (worn)
 r - a +3 chain mail
 x - a +4 chain mail
 y - a +3 plate armour
 A - a +5 ring mail (worn)
Jewellery
 s - a +3 ring of evasion (left hand)
 t - a +3 ring of strength (right hand)
Scrolls
 j - a scroll of blinking
 n - 5 scrolls of amnesia
 o - a scroll of summoning
 p - 2 scrolls of vulnerability
Potions
 e - 6 potions of curing
 f - 2 potions of heal wounds
 g - a potion of haste
 h - 4 potions of magic
 i - 2 potions of berserk rage
 l - 2 potions of invisibility
 u - a potion of resistance
 v - 3 potions of mutation
 z - 2 potions of might


   Skills:
 + Level 14.3 Fighting
 - Level 16.0 Axes
 - Level 5.0 Armour
 - Level 2.0 Dodging
 - Level 2.4 Shields


You had 8 spell levels left.
You didn't know any spells.
Your spell library was empty.

Dungeon Overview and Level Annotations

Branches:
Dungeon (1/1)

Altars:
Ashenzari
Cheibriados
Dithmenos
Elyvilon
Fedhas
Gozag
Hepliaklqana
Kikubaaqudgha
Makhleb
Nemelex Xobeh
Okawaru
Qazlal
Ru
Sif Muna
Trog
Uskayaw
Vehumet
Wu Jian
Xom
Yredelemnul
Zin
The Shining One
Beogh
Jiyva
Lugonu

Shops:
D [


Innate Abilities, Weirdness & Mutations

You are completely covered in rugged brown scales. (AC +3, +7% HP)
You have supernaturally acute eyesight. (SInv)
Armour fits poorly on your strangely shaped body.
You can roll at nearby foes to attack.
You have a long armoured tail.
You curl defensively after being hit. (AC +7*)


Message History

The death cob barely misses you. The death cob hits you.
* * * LOW HITPOINT WARNING * * *
The death cob drains your vigour!
You feel as though you will be slow longer.
You slice the death cob!! You tail-slap the death cob!
The death cob is almost destroyed.
The death cob closely misses you. The golden eye blinks at you.
You are confused.
The death cob misses you.
You closely miss the death cob.
Your tail-slap misses the death cob.
The death cob is almost destroyed.
Your confusion fades away as the thirst for blood takes over your mind.
The death cob completely misses you. The golden eye blinks at you.
You are confused.
The death cob barely misses you.
Your confusion fades away as the thirst for blood takes over your mind.
The death cob hits you.
* * * LOW HITPOINT WARNING * * *
The death cob drains your vigour!
You feel as though you will be slow longer.
You slash the death cob!
You break out of your daze!
You destroy the death cob!
Visions of slaying the cyclops flood into your mind.
Your Fighting skill gained 4 levels and is now at level 14!
You have reached level 9!
Your experience leads to an increase in your attributes!
Your base attributes are Str 22, Int 9, Dex 9.
Increase (S)trength, (I)ntelligence, or (D)exterity?
You feel agile. x2
You cannot move away from the cyclops!
You cannot move away from the cyclops!
You feel a strong urge to attack something.
You slice the cyclops!!
The cyclops is severely wounded.
The cyclops hits you!!
You die...
Your body crumbles into a pile of gold.

....∩........#
'#####''######
....##''# ....##..#
....##..# <...##..####
#+# ....##..#..#####.##
....##..#....##...#
....##..'.....#.@C#
######..'.....'..yyyG.+
######..'.....#...#yy.#
...[##..#....##...#...#
....##..#..#####.## ..#
..).##..#### #+# ###
..))##..# ..))##..#
#########


You could see a cyclops (mesmerising), 5 killer bees and a golden eye.

Vanquished Creatures
  A death cob (D)
  A death yak (D)
  A smoke demon (D)
  A snapping turtle (D)
  A wraith (D)
  A redback (D)
  A water moccasin (D)
  An ice beast (D)
  An orc warrior (D)
  A gnoll sergeant (D)
  A crimson imp (D)
  2 orc wizards (D)
  3 gnolls (D)
  A white imp (D)
  An ufetubus (D)
  A worm (D)
  11 orcs (D)
  An endoplasm (D)
  A giant cockroach (D)
  A hobgoblin (D)
  A quokka (D)
  A ball python (D)
  4 rats (D)
39 creatures vanquished.

Notes
Turn   | Place    | Note
-------+----------+-------------------------------------------
     0 | D        | jt the Palentonga Fighter began the quest for the Orb.
     0 | D        | Reached XP level 1. HP: 19/19 MP: 1/1
    36 | D        | Found a glowing golden altar of the Shining One.
    36 | D        | Found a glowing silver altar of Zin.
    36 | D        | Found a basalt altar of Yredelemnul.
    36 | D        | Found a shimmering altar of Xom.
    36 | D        | Found an ornate altar of the Wu Jian Council.
    36 | D        | Found a bloodstained altar of Trog.
    36 | D        | Found a shimmering blue altar of Sif Muna.
    36 | D        | Found a sacrificial altar of Ru.
    36 | D        | Found a stormy altar of Qazlal.
    36 | D        | Found an iron altar of Okawaru.
    36 | D        | Found a sparkling altar of Nemelex Xobeh.
    36 | D        | Found a burning altar of Makhleb.
    36 | D        | Found a viscous altar of Jiyva.
    36 | D        | Found a hazy altar of Hepliaklqana.
    36 | D        | Found an opulent altar of Gozag.
    36 | D        | Found a blossoming altar of Fedhas.
    36 | D        | Found a white marble altar of Elyvilon.
    36 | D        | Found a shadowy altar of Dithmenos.
    36 | D        | Found a snail-covered altar of Cheibriados.
    37 | D        | Found a radiant altar of Vehumet.
    37 | D        | Found a corrupted altar of Lugonu.
    38 | D        | Found an ancient bone altar of Kikubaaqudgha.
    38 | D        | Found a hide-covered altar of Uskayaw.
    38 | D        | Found a broken altar of Ashenzari.
    40 | D        | Became a worshipper of Gozag Ym Sagoz the Greedy
    52 | D        | Reached skill level 3 in Axes
    77 | D        | Reached skill level 4 in Axes
    84 | D        | Reached skill level 5 in Axes
    84 | D        | Reached XP level 2. HP: 23/25 MP: 2/2
   147 | D        | Noticed an orc warrior
   153 | D        | Killed an orc warrior
   154 | D        | Reached skill level 9 in Axes
   154 | D        | Reached XP level 3. HP: 31/31 MP: 3/3
   154 | D        | Reached XP level 4. HP: 37/37 MP: 4/4
   155 | D        | Reached skill level 10 in Axes
   159 | D        | Reached XP level 5. HP: 43/43 MP: 5/5
   162 | D        | Noticed an ice beast
   169 | D        | Reached skill level 11 in Axes
   170 | D        | Killed an ice beast
   171 | D        | Reached skill level 12 in Axes
   171 | D        | Reached XP level 6. HP: 32/50 MP: 6/6
   290 | D        | Noticed a death yak
   301 | D        | Killed a death yak
   302 | D        | Reached skill level 16 in Axes
   302 | D        | Gained mutation: You curl defensively after being hit. (AC
                  | +7*) [Palentonga growth]
   302 | D        | Reached XP level 7. HP: 58/58 MP: 7/7
   397 | D        | Reached skill level 1 in Dodging
   682 | D        | Noticed a wraith
   682 | D        | Noticed a redback
   684 | D        | Reached skill level 5 in Fighting
   687 | D        | Killed a redback
   688 | D        | Reached XP level 8. HP: 67/67 MP: 8/8
   692 | D        | Reached skill level 5 in Armour
   699 | D        | Found the +14 obsidian axe {vorpal, Mesm Drain Fly SInv}
   818 | D        | Noticed a smoke demon
   818 | D        | Noticed a snapping turtle
   830 | D        | Killed a smoke demon
   834 | D        | Killed a snapping turtle
   835 | D        | Reached skill level 10 in Fighting
  1078 | D        | Noticed a death cob
  1079 | D        | Noticed a cyclops
  1094 | D        | Killed a death cob
  1095 | D        | Reached XP level 9. HP: 15/94 MP: 9/9
  1097 | D        | Mangled by a cyclops

Illustrated notes

Levels and vault maps discovered:
D:        pitsprint [storerooms_1, entrance_room_1, metal_vault_1, armoury_2,
          mini_pit_1, grid_room_1, main_hall_1, silver_pit, the_coven_2,
          the_vestibule_1, steel_vault_5, golden_pit, hallway_of_sentries,
          crystal_vault_2, iron_vault_2, final_vault]

Skill      XL: |  1  2  3  4  5  6  7  8 |
---------------+-------------------------+-----
Axes           | 5 9 10 12 16 | 16.0
Fighting       | 4 5 14 | 14.3
Armour         | 3 4 5 |  5.0
Dodging        | 2 |  2.0
Shields        | |  2.4

Action                   |  1- 3 |  4- 6 |  7- 9 || total
-------------------------+-------+-------+-------++-------
Melee: Hand axe          |    19 |    27 |    20 ||    66
       Tailslap          |     2 |     2 |     6 ||    10
       War axe           |     1 |       |       ||     1
       Broad axe         |       |       |    19 ||    19
Invok: Potion Petition   |       |       |     1 ||     1
       Call Merchant     |       |       |     1 ||     1
 Abil: Rolling Charge    |     3 |     3 |     7 ||    13
  Use: Potion            |     1 |     1 |     9 ||    11
Armor: Scale mail        |     8 |       |       ||     8
       Chain mail        |       |     5 |     6 ||    11
       Ring mail         |       |       |    14 ||    14
Dodge: Dodged            |     4 |     2 |    10 ||    16
Block: Buckler           |     5 |       |     3 ||     8

Table legend: (Time is in decaauts)
 A = Elapsed time spent in this place.
 B = Non-inter-level travel time spent in this place.
 C = Inter-level travel time spent in this place.
 D = Time resting spent in this place.
 E = Time spent auto-exploring this place.
 F = Levels seen in this place.
 G = Mean time per level.
                   A        B        C        D        E       F      G
               +--------+--------+--------+--------+--------+-----+--------+
         Total |   1094 |   1030 |     64 |    655 |      0 |   1 | 1094.0 |
       Dungeon |   1094 |   1030 |     64 |    655 |      0 |   1 | 1094.0 |
               +--------+--------+--------+--------+--------+-----+--------+

Top non-repeatable levels by time:
       D: 1094 daAuts
